[Event "International chess holiday M11"]
[Site "?"]
[Date "2017.07.16"]
[Round "1"]
[White "Tripolsky, Eugen"]
[Black "Schafer, Sven"]
[Result "1-0"]
[ECO "B53"]
[WhiteElo "2304"]
[BlackElo "1996"]
[Annotator "Koller,Martin"]
[PlyCount "105"]
[TimeControl "240+2"]

{279MB} 1. e4 c5 2. Nf3 d6 3. d4 cxd4 4. Qxd4 Nc6 5. Bb5 Bd7 6. Bxc6 Bxc6 7.
Nc3 Nf6 8. Bg5 e6 9. O-O-O Be7 10. Rhe1 O-O 11. Kb1 Qc7 12. Qd2 Rfd8 13. Nd4 a6
14. f3 b5 15. g4 b4 16. Nce2 a5 17. Ng3 Bb7 18. Be3 d5 19. e5 Nd7 20. f4 Nc5
21. f5 Ne4 22. Nxe4 dxe4 23. fxe6 Qxe5 24. exf7+ Kxf7 25. Qe2 Kg8 26. Nf5 Bf6
27. Bd4 Qe6 28. Bxf6 Qxf6 29. Qc4+ Kh8 30. Qc7 Bd5 31. Ne7 Qe6 32. Rxd5 Rxd5
33. Nxd5 Qxd5 34. Qe7 Rd8 35. b3 h6 36. Qxe4 Qd2 37. h4 Rc8 38. g5 Qd6 39. gxh6
Qxh6 40. Qe6 Qxe6 41. Rxe6 Rc5 42. Kb2 Kh7 43. Re4 Kg6 44. Rg4+ Kf6 45. Rc4 Re5
46. a3 bxa3+ 47. Kxa3 Kf5 48. Ka4 g6 49. c3 Ke6 50. Rc6+ Kf5 51. c4 Re4 52.
Rc5+ Kg4 53. Rg5+ 1-0

[Event "International chess holiday M11"]
[Site "?"]
[Date "2017.07.16"]
[Round "1"]
[White "Vetrovsky, Michal"]
[Black "Stein, Robert"]
[Result "1/2-1/2"]
[ECO "D02"]
[WhiteElo "2100"]
[BlackElo "2203"]
[Annotator "Koller,Martin"]
[PlyCount "83"]
[TimeControl "240+2"]

{279MB} 1. d4 Nf6 2. Bf4 d5 3. e3 c5 4. c3 Nc6 5. Nf3 e6 6.
Nbd2 Bd6 7. Bg3 O-O 8. Bb5 Ne7 9. Bd3 cxd4 10. exd4 Nf5 11. Bxd6 Nxd6 12. O-O
Bd7 13. Re1 Bb5 14. Bc2 Qb6 15. Ne5 Rfc8 16. Re3 Be8 17. Rb1 Qa5 18. a3 Qc7 19.
Rh3 g6 20. Qf3 Qe7 21. Qf4 Rc7 22. Qh4 Nh5 23. Qg4 Nf6 24. Qg5 Nf5 25. Bxf5
exf5 26. Re3 Ne4 27. Qxe7 Rxe7 28. Nf1 Bb5 29. f3 Nd6 30. Ng4 Re6 31. Rxe6 fxe6
32. Ne5 Bxf1 33. Kxf1 Nf7 34. Nd3 Re8 35. Re1 Nd6 36. Ne5 Kg7 37. Ke2 Nf7 38.
Kd3 Nxe5+ 39. Rxe5 Kf6 40. Re2 Rc8 41. Rc2 b5 42. b3 1/2-1/2

[Event "International chess holiday M11"]
[Site "?"]
[Date "2017.07.16"]
[Round "1"]
[White "Simecek, Bohumil"]
[Black "Chavannes , Ivar"]
[Result "1-0"]
[ECO "E12"]
[WhiteElo "2105"]
[BlackElo "2139"]
[Annotator "Koller,Martin"]
[PlyCount "70"]
[TimeControl "240+2"]

{279MB} 1. d4 Nf6 2. c4 e6 3. Nf3 b6 4. Bf4 Bb7 5. e3 Be7 6.
Nc3 Nh5 7. Bg3 d6 8. Bd3 Nd7 9. e4 h6 10. Qe2 c5 11. d5 e5 12. O-O g5 13. Nd1
Nf4 14. Qd2 g4 15. Ne1 Bg5 16. Ne3 h5 17. f3 h4 18. Bf2 Nf6 19. fxg4 Nxg4 20.
Nf3 Nxf2 21. Rxf2 Bh6 22. Kh1 Bc8 23. Re1 Qf6 24. Qc2 Bd7 25. Nf5 Bxf5 26. exf5
O-O-O 27. a4 a5 28. Be4 Rdg8 29. Qb3 Kc7 30. Qb5 Nxg2 31. Rxg2 Rxg2 32. Kxg2
Rg8+ 33. Kh1 h3 34. Qc6+ Kd8 35. Qxb6+ Kd7 1-0

[Event "International chess holiday M11"]
[Site "?"]
[Date "2017.07.16"]
[Round "1"]
[White "Arndt, Stefan"]
[Black "Lakovic, Igor"]
[Result "1/2-1/2"]
[ECO "C08"]
[WhiteElo "2226"]
[BlackElo "2023"]
[Annotator "Koller,Martin"]
[PlyCount "58"]
[TimeControl "240+2"]

{279MB} 1. e4 e6 2. d4 d5 3. Nd2 a6 4. Ngf3 c5 5. exd5 exd5 6. dxc5 Bxc5 7. Bd3
Nf6 8. Nb3 Ba7 9. Qe2+ Qe7 10. Qxe7+ Kxe7 11. O-O Nc6 12. Re1+ Be6 13. Be3 Bxe3
14. Rxe3 Kd6 15. c3 h6 16. Nfd4 Nxd4 17. Nxd4 Rhe8 18. Rae1 Bd7 19. f3 Rxe3 20.
Rxe3 Re8 21. Kf2 g6 22. Rxe8 Bxe8 23. b4 Bd7 24. Ke3 Ne8 25. h4 Ke7 26. Nb3 Kd6
27. Nc5 Bc8 28. Kf4 Nc7 29. Ke3 b6 1/2-1/2

[Event "International chess holiday M11"]
[Site "?"]
[Date "2017.07.16"]
[Round "1"]
[White "Chudinowskikh, Alexander"]
[Black "Doring, Robert"]
[Result "1/2-1/2"]
[ECO "A49"]
[WhiteElo "2238"]
[BlackElo "2131"]
[Annotator "Koller,Martin"]
[PlyCount "65"]
[TimeControl "240+2"]

{279MB} 1. d4 Nf6 2. Nf3 g6 3. g3 Bg7 4. Bg2 c6 5. O-O O-O 6.
a4 a5 7. h3 Na6 8. Re1 d5 9. c3 Bf5 10. Nbd2 Be4 11. Nxe4 Nxe4 12. Ng5 Nxg5 13.
Bxg5 f6 14. Bd2 e5 15. Qb3 Rf7 16. Rad1 e4 17. c4 f5 18. e3 Bf8 19. c5 Qc7 20.
Bf1 Be7 21. Rc1 Bd8 22. Be2 Qe7 23. Kg2 Qf6 24. f3 exf3+ 25. Bxf3 h6 26. Rf1
Bc7 27. Be2 Re8 28. Rf3 Qg5 29. Rcf1 Re4 30. R1f2 h5 31. Qd1 h4 32. g4 Rg7 33.
Kh1 1/2-1/2

[Event "International chess holiday K11"]
[Site "?"]
[Date "2017.07.16"]
[Round "1"]
[White "Hibbert, Nigel"]
[Black "Schafer, Martin"]
[Result "0-1"]
[ECO "A81"]
[WhiteElo "1866"]
[BlackElo "2001"]
[Annotator "Koller,Martin"]
[PlyCount "76"]
[TimeControl "240+2"]

{279MB} 1. Nf3 f5 2. g3 g6 3. Bg2 Bg7 4. d4 d6 5. O-O Nf6 6.
c3 O-O 7. Nbd2 Qe8 8. Nc4 c6 9. a4 Be6 10. b3 h6 11. Bd2 Qf7 12. Rb1 Nbd7 13.
Qc1 Kh7 14. Qc2 Rab8 15. Na5 Rfc8 16. Nh4 d5 17. b4 Nh5 18. f4 b6 19. Nb3 Nhf6
20. Nf3 Ne4 21. Ne5 Qe8 22. e3 Qd8 23. Be1 Qc7 24. g4 Nxe5 25. dxe5 fxg4 26.
Bxe4 dxe4 27. Nd4 Bf5 28. Qa2 Qd8 29. Rd1 Qe8 30. Bh4 e6 31. Rd2 c5 32. Nb5 Qf7
33. Nd6 Qc7 34. Nxc8 Rxc8 35. Rfd1 cxb4 36. cxb4 Qc3 37. Bf2 b5 38. Rd4 h5 0-1

[Event "International chess holiday K11"]
[Site "?"]
[Date "2017.07.16"]
[Round "1"]
[White "Klima, Matej"]
[Black "Schubert, Gerhard"]
[Result "1-0"]
[ECO "B07"]
[WhiteElo "1874"]
[BlackElo "2011"]
[Annotator "Koller,Martin"]
[PlyCount "63"]
[TimeControl "240+2"]

{279MB} 1. e4 d6 2. d4 Nf6 3. Nc3 c6 4. Bd3 e5 5. dxe5 dxe5 6. h3 Nbd7 7. Nf3
Be7 8. O-O O-O 9. Ne2 Qc7 10. Ng3 Nc5 11. Qe2 Nxd3 12. Qxd3 Re8 13. Be3 h6 14.
Qc3 Be6 15. Rfd1 b6 16. Qxe5 Qc8 17. Nd4 Bxh3 18. gxh3 Qxh3 19. Qf5 Ng4 20. Re1
Bh4 21. Qf3 c5 22. Ndf5 Re6 23. Qg2 Nxf2 24. Bxf2 Qg4 25. Nxh4 Qxh4 26. Nf5 Qf6
27. Bh4 Qxb2 28. e5 Rg6 29. Ne7+ Kh7 30. Nxg6 fxg6 31. Qxa8 Qd4+ 32. Bf2 1-0

[Event "International chess holiday K11"]
[Site "?"]
[Date "2017.07.16"]
[Round "1"]
[White "Vesely, Jaromir"]
[Black "Pokorny, Jan"]
[Result "1-0"]
[ECO "E72"]
[WhiteElo "2059"]
[BlackElo "1835"]
[Annotator "Koller,Martin"]
[PlyCount "99"]
[TimeControl "240+2"]

{279MB} 1. d4 Nf6 2. c4 g6 3. g3 c6 4. Bg2 Bg7 5. e4 d6 6. Ne2 O-O 7. O-O e5 8.
Nbc3 Na6 9. a3 Be6 10. d5 cxd5 11. cxd5 Bd7 12. b4 Rc8 13. Qb3 Qc7 14. Rb1 Qc4
15. Be3 b6 16. Rfc1 Qxb3 17. Rxb3 Ng4 18. Bg5 Bh6 19. Bxh6 Nxh6 20. Na2 Rxc1+
21. Naxc1 Rc8 22. Rc3 f5 23. Bf1 Rxc3 24. Nxc3 Nc7 25. f3 Kf8 26. b5 Nf7 27.
N1a2 Nd8 28. Nb4 Ke7 29. Bc4 fxe4 30. fxe4 Nb7 31. Nc6+ Bxc6 32. dxc6 Nc5 33.
Kg2 N5e6 34. Bxe6 Kxe6 35. Kf3 a6 36. a4 axb5 37. axb5 h6 38. Kg4 Kf7 39. h4
h5+ 40. Kf3 Ke6 41. Ke3 Ke7 42. Kd3 Kd8 43. Kc4 Ne6 44. Nd5 Nc5 45. Nxb6 Nxe4
46. Kd5 Nc3+ 47. Kxd6 Nxb5+ 48. Kxe5 Nc3 49. Nd5 Ne2 50. Kd6 1-0

[Event "International chess holiday K11"]
[Site "?"]
[Date "2017.07.16"]
[Round "1"]
[White "Hadzala, Daniel"]
[Black "Rull, Michael"]
[Result "1-0"]
[ECO "A26"]
[WhiteElo "2107"]
[BlackElo "1805"]
[Annotator "Koller,Martin"]
[PlyCount "61"]
[TimeControl "240+2"]

{279MB} 1. Nf3 Nf6 2. g3 g6 3. Bg2 Bg7 4. O-O O-O 5. d3 d6 6. c4 Nc6 7. Nc3 e5
8. Rb1 a5 9. a3 Nh5 10. b4 axb4 11. axb4 f5 12. Qb3 Kh8 13. b5 e4 14. bxc6 exf3
15. Bxf3 bxc6 16. Bxc6 Ra6 17. Bf3 f4 18. Ne4 Bh3 19. Bg2 Bxg2 20. Kxg2 d5 21.
cxd5 Rb6 22. Qa2 Rxb1 23. Qxb1 Qxd5 24. Bb2 Nf6 25. Bxf6 Rxf6 26. Qb8+ Rf8 27.
Qxc7 fxg3 28. hxg3 Qh5 29. f3 h6 30. Rb1 Qd5 31. Rb7 1-0

[Event "International chess holiday K11"]
[Site "?"]
[Date "2017.07.16"]
[Round "1"]
[White "Riedl, Maximilian"]
[Black "Mejzr, Jan"]
[Result "1/2-1/2"]
[ECO "B22"]
[WhiteElo "1988"]
[BlackElo "1901"]
[Annotator "Koller,Martin"]
[PlyCount "120"]
[TimeControl "240+2"]

{279MB} 1. e4 c5 2. Nf3 e6 3. c3 Nf6 4. e5 Nd5 5. d4 cxd4 6. cxd4 d6 7. Bb5+
Nc6 8. O-O Bd7 9. Bc4 Nb6 10. Bb3 dxe5 11. dxe5 Nb4 12. Nc3 Bc6 13. Nd4 Bc5 14.
Be3 Bxd4 15. Qxd4 Qxd4 16. Bxd4 Nd7 17. Rfd1 O-O 18. a3 Na6 19. f4 Rfd8 20. Bc2
Nc7 21. g3 Nd5 22. Rac1 Nxc3 23. Bxc3 Nb6 24. Rxd8+ Rxd8 25. Ba5 Rd7 26. Bxb6
axb6 27. Rd1 Rxd1+ 28. Bxd1 Kf8 29. Kf2 Ke7 30. Ke3 Kd7 31. Kd4 Bg2 32. h4 f5
33. g4 g6 34. g5 Bc6 35. h5 Kc7 36. hxg6 hxg6 37. a4 Bg2 38. b4 Bc6 39. Bb3 Bd7
40. b5 Bc8 41. Kc3 Bd7 42. Kb4 Bc8 43. Bc4 Bd7 44. Be2 Be8 45. Bf3 Bd7 46. Be2
Be8 47. Bf3 Bd7 48. Kc4 Be8 49. Kd4 Bd7 50. Be2 Be8 51. Bc4 Bd7 52. Kc3 Bc8 53.
Kb4 Bd7 54. a5 bxa5+ 55. Kxa5 b6+ 56. Kb4 Bc8 57. Be2 Bd7 58. Kc4 Be8 59. Kd4
Bd7 60. Kc4 Be8 1/2-1/2

[Event "International chess holiday M11"]
[Site "?"]
[Date "2017.07.16"]
[Round "2"]
[White "Doring, Robert"]
[Black "Lakovic, Igor"]
[Result "1/2-1/2"]
[ECO "C14"]
[WhiteElo "2131"]
[BlackElo "2023"]
[Annotator "Koller,Martin"]
[PlyCount "88"]
[TimeControl "240+2"]

{279MB} 1. e4 e6 2. d4 d5 3. Nc3 Nf6 4. Bg5 Be7 5. e5 Nfd7 6. h4 c5 7. Bxe7
Kxe7 8. f4 Nc6 9. Nf3 cxd4 10. Nxd4 Qb6 11. Nxc6+ bxc6 12. Rh3 Ba6 13. Bxa6
Qxa6 14. Qg4 h6 15. O-O-O Rab8 16. b3 Qa3+ 17. Kb1 Qb4 18. h5 a5 19. Rg3 Rhg8
20. Ne2 c5 21. Qh4+ Ke8 22. Re3 a4 23. Qe1 Qxe1 24. Rxe1 Ke7 25. a3 Nb6 26. Ka2
axb3+ 27. cxb3 g5 28. hxg6 fxg6 29. Rc3 Rbc8 30. Rec1 c4 31. bxc4 Nxc4 32. Nd4
Rgf8 33. g3 h5 34. Rb1 Rc7 35. Nb5 Rb7 36. Nd6 Rxb1 37. Kxb1 Rb8+ 38. Ka2 Nxd6
39. Rc7+ Kd8 40. exd6 Rb6 41. Rg7 Rxd6 42. Rxg6 Kd7 43. Kb3 Rb6+ 44. Kc3 Rb1
1/2-1/2

[Event "International chess holiday M11"]
[Site "?"]
[Date "2017.07.16"]
[Round "2"]
[White "Chudinowskikh, Alexander"]
[Black "Simecek, Bohumil"]
[Result "1-0"]
[ECO "B15"]
[WhiteElo "2236"]
[BlackElo "2105"]
[Annotator "Koller,Martin"]
[PlyCount "101"]
[TimeControl "240+2"]

{279MB} 1. e4 c6 2. Nf3 d5 3. Nc3 Bg4 4. h3 Bxf3 5. Qxf3 e6 6. d4 g6 7. h4 Bg7
8. Bg5 Bf6 9. Qf4 h6 10. Bxf6 Nxf6 11. e5 Nh5 12. Qe3 Ng7 13. Bd3 h5 14. O-O-O
Nd7 15. f3 Qc7 16. Qf2 a6 17. Kb1 O-O-O 18. Rhe1 Kb8 19. g3 Rc8 20. Na4 c5 21.
dxc5 Nxc5 22. Nxc5 Qxc5 23. Qxc5 Rxc5 24. c3 Nf5 25. Rg1 Ne7 26. Rd2 b5 27. Rc2
Kb7 28. b4 Rc7 29. Kb2 Kb6 30. a4 Nc6 31. f4 Rhc8 32. a5+ Kb7 33. Kb3 Ne7 34.
g4 hxg4 35. Rxg4 Rh8 36. Rcg2 Rh5 37. Rh2 Rc8 38. Rg5 Rh6 39. h5 Rch8 40. Be2
Nf5 41. Rhg2 gxh5 42. Bd3 Nh4 43. R2g3 Ng6 44. Bxg6 Rxg6 45. Rxg6 fxg6 46. Rxg6
h4 47. Rg2 h3 48. Rh2 Kc6 49. Kc2 d4 50. cxd4 Kd5 51. Kd3 1-0

[Event "International chess holiday M11"]
[Site "?"]
[Date "2017.07.16"]
[Round "2"]
[White "Stein, Robert"]
[Black "Arndt, Stefan"]
[Result "1-0"]
[ECO "E11"]
[WhiteElo "2203"]
[BlackElo "2226"]
[Annotator "Koller,Martin"]
[PlyCount "69"]
[TimeControl "240+2"]

{279MB} 1. d4 Nf6 2. c4 e6 3. Nf3 d5 4. g3 Bb4+ 5. Bd2 Be7 6. Bg2 O-O 7. O-O c6
8. Qc2 Ne4 9. Bf4 g5 10. Be3 f5 11. Nc3 Nd7 12. Rad1 h6 13. Nxe4 dxe4 14. Ne1
Qe8 15. Bc1 Bd6 16. f3 exf3 17. exf3 f4 18. gxf4 Bxf4 19. Nd3 Qg6 20. Bxf4 Rxf4
21. Qe2 Rf6 22. f4 g4 23. Ne5 Nxe5 24. fxe5 Rxf1+ 25. Rxf1 Bd7 26. Be4 Qg5 27.
Rf6 Be8 28. Rxe6 Bf7 29. Rf6 Rd8 30. Qf2 Qc1+ 31. Kg2 Qxc4 32. e6 Bh5 33. e7
Rxd4 34. Rf8+ Kg7 35. Qf6# 1-0

[Event "International chess holiday M11"]
[Site "?"]
[Date "2017.07.16"]
[Round "2"]
[White "Schafer, Sven"]
[Black "Vetrovsky, Michal"]
[Result "1/2-1/2"]
[ECO "C22"]
[WhiteElo "1996"]
[BlackElo "2100"]
[Annotator "Koller,Martin"]
[PlyCount "52"]
[TimeControl "240+2"]

{279MB} 1. e4 e5 2. d4 exd4 3. Qxd4 Nc6 4. Qe3 d6 5. Nc3 Nge7 6. Bc4 Ng6 7. Nf3
Be7 8. Bd2 Bf6 9. O-O-O Be6 10. Bxe6 fxe6 11. Ne2 Qe7 12. Bc3 Bxc3 13. Nxc3 a6
14. h4 O-O-O 15. h5 Nge5 16. Nxe5 dxe5 17. Rxd8+ Rxd8 18. g3 h6 19. Kb1 Qf7 20.
f4 b6 21. a3 Kb7 22. fxe5 Nxe5 23. Qf4 Qf6 24. Rf1 Rf8 25. Ne2 Ng4 26. Qxf6
Rxf6 1/2-1/2

[Event "International chess holiday M11"]
[Site "?"]
[Date "2017.07.16"]
[Round "2"]
[White "Chavannes, Ivar"]
[Black "Tripolsky, Eugen"]
[Result "1/2-1/2"]
[ECO "A43"]
[WhiteElo "2139"]
[BlackElo "2304"]
[Annotator "Koller,Martin"]
[PlyCount "35"]
[TimeControl "240+2"]

{279MB} 1. d4 Nf6 2. Nf3 c5 3. d5 b5 4. Bg5 Qb6 5. Nc3 b4 6. Na4 Qa5 7. Bxf6
gxf6 8. b3 d6 9. e4 Bg7 10. Nh4 f5 11. Nxf5 Bxf5 12. exf5 Nd7 13. Bd3 Nb6 14.
O-O Nxa4 15. bxa4 Qxa4 16. Qe2 a6 17. Rae1 Bf6 18. Bc4 1/2-1/2

[Event "International chess holiday K11"]
[Site "?"]
[Date "2017.07.16"]
[Round "2"]
[White "Riedl, Maximilian"]
[Black "Hibberd, Nigel"]
[Result "1-0"]
[ECO "C02"]
[WhiteElo "1988"]
[BlackElo "1866"]
[Annotator "Koller,Martin"]
[PlyCount "83"]
[TimeControl "240+2"]

{279MB} 1. e4 e6 2. d4 d5 3. e5 c5 4. c3 Nc6 5. Nf3 Qb6 6. a3 Nge7 7. b4 cxd4
8. cxd4 Nf5 9. Bb2 Bd7 10. g4 Nh6 11. h3 Be7 12. Nbd2 O-O 13. Nb3 f6 14. Nc5
Rad8 15. exf6 gxf6 16. Qe2 Bxc5 17. dxc5 Qc7 18. Qd2 Nf7 19. Bxf6 Rde8 20. g5
Nfe5 21. Nxe5 Nxe5 22. Qe3 Ng6 23. h4 e5 24. O-O-O Nf4 25. Kb2 Re6 26. Rc1 b5
27. c6 Bxc6 28. Bxb5 d4 29. Qb3 Rf7 30. Bc4 Qd7 31. Bxe6 Nxe6 32. Qc4 Bb7 33.
Rhd1 Qd6 34. Qe2 e4 35. Qb5 a6 36. Qe8+ Rf8 37. Qh5 Nf4 38. Qh6 Ne6 39. Bxd4
Bd5 40. g6 Qd7 41. gxh7+ Qxh7 42. Rg1+ 1-0

[Event "International chess holiday K11"]
[Site "?"]
[Date "2017.07.16"]
[Round "2"]
[White "Schubert, Gerhard"]
[Black "Vesely, Jaromir"]
[Result "1-0"]
[ECO "B40"]
[WhiteElo "2011"]
[BlackElo "2059"]
[Annotator "Koller,Martin"]
[PlyCount "49"]
[TimeControl "240+2"]

{279MB} 1. e4 e6 2. c4 c5 3. Nc3 Nc6 4. Nf3 Nge7 5. d4 cxd4 6. Nxd4 Nxd4 7.
Qxd4 Nc6 8. Qe3 Be7 9. g3 d6 10. Bg2 a6 11. O-O O-O 12. b3 Bd7 13. Rd1 Qa5 14.
Bb2 Rad8 15. Rd2 b5 16. cxb5 axb5 17. a4 bxa4 18. Nxa4 Qh5 19. Ba3 Ne5 20. Qe2
Qh6 21. Rad1 Bxa4 22. bxa4 Ra8 23. Bxd6 Bxd6 24. Rxd6 Rxa4 25. Qb5 1-0

[Event "International chess holiday K11"]
[Site "?"]
[Date "2017.07.16"]
[Round "2"]
[White "Schaefer, Martin"]
[Black "Hadzala, Daniel"]
[Result "1/2-1/2"]
[ECO "A56"]
[WhiteElo "2001"]
[BlackElo "2107"]
[Annotator "Koller,Martin"]
[PlyCount "124"]
[TimeControl "240+2"]

{279MB} 1. d4 Nf6 2. c4 d6 3. Nc3 Nbd7 4. e4 e5 5. d5 c5 6. Bd3 Be7 7. Nge2 Nf8
8. f3 Ng6 9. h4 Nh5 10. g3 Nxg3 11. Nxg3 Bxh4 12. Kf2 Nf4 13. Bf1 g5 14. Nce2
Rg8 15. Rxh4 gxh4 16. Bxf4 exf4 17. Nh5 h3 18. Nhxf4 Qg5 19. Qe1 Bd7 20. Ke3
O-O-O 21. Qf2 Rg6 22. Qh2 Rh6 23. Ng1 Re8 24. Bxh3 Bxh3 25. Ngxh3 Qe5 26. Rd1
Rg8 27. Qf2 f5 28. Kd3 fxe4+ 29. fxe4 Rxh3+ 30. Nxh3 Rg3+ 31. Kc2 Qxe4+ 32. Kc1
Rxh3 33. Qf8+ Kc7 34. Qf7+ Kb6 35. Qd7 Qxc4+ 36. Kb1 Rh6 37. Qd8+ Ka6 38. a3
Qb3 39. Rc1 Rg6 40. Qc7 Qxd5 41. Qxh7 Qd3+ 42. Ka1 c4 43. Qd7 Qb3 44. Qf7 Rg2
45. Qxc4+ Qxc4 46. Rxc4 Kb6 47. Ka2 d5 48. Rc8 Rg7 49. Rc3 d4 50. Rd3 Kc5 51.
Kb3 Re7 52. Kc2 b5 53. Rf3 a5 54. Rg3 a4 55. b3 axb3+ 56. Rxb3 Re3 57. Rb2 Rxa3
58. Kd2 Kc4 59. Rb1 b4 60. Kc2 Ra2+ 61. Kd1 Rh2 62. Rc1+ Kd3 1/2-1/2

[Event "International chess holiday K11"]
[Site "?"]
[Date "2017.07.16"]
[Round "2"]
[White "Rull, Michael"]
[Black "Klima, Matej"]
[Result "0-1"]
[ECO "A80"]
[WhiteElo "1805"]
[BlackElo "1874"]
[Annotator "Koller,Martin"]
[PlyCount "49"]
[TimeControl "240+2"]

{279MB} 1. d4 e6 2. Nf3 f5 3. Bg5 Nf6 4. h4 h6 5. Bf4 d6 6. e3 Be7 7. c3 Nc6 8.
Bc4 a6 9. a4 Ne4 10. d5 Na5 11. Ba2 e5 12. Bxe5 Bf6 13. Bxf6 Qxf6 14. Qd4 b6
15. Nbd2 Nxd2 16. Qxd2 Bd7 17. b4 Nb7 18. Nd4 a5 19. O-O Nd8 20. Bb1 O-O 21.
Nb5 Bxb5 22. axb5 Qxh4 23. Qd4 Qxd4 24. exd4 Nb7 25. Re1 0-1

[Event "International chess holiday K11"]
[Site "?"]
[Date "2017.07.16"]
[Round "2"]
[White "Mejzr, Jan"]
[Black "Pokorny, Jan"]
[Result "1-0"]
[ECO "B20"]
[WhiteElo "1901"]
[BlackElo "1835"]
[Annotator "Koller,Martin"]
[PlyCount "101"]
[TimeControl "240+2"]

{279MB} 1. e4 c5 2. Bc4 Nc6 3. Nc3 e6 4. Nf3 a6 5. a4 Nge7 6. Be2 g6 7. d4 cxd4
8. Nxd4 Bg7 9. Be3 O-O 10. O-O Nxd4 11. Bxd4 Bxd4 12. Qxd4 Nc6 13. Qd2 Qb6 14.
Rab1 Qc5 15. Rfd1 Qe7 16. Qe3 f5 17. f4 fxe4 18. Nxe4 d5 19. Ng5 h6 20. Nf3 Qf6
21. g3 Ne7 22. Ne5 Nc6 23. Ng4 Qg7 24. Bd3 Nb4 25. Ne5 Nxd3 26. cxd3 b5 27. a5
g5 28. fxg5 hxg5 29. d4 Ra7 30. Rf1 Rf5 31. Rbc1 Rxf1+ 32. Kxf1 Qf8+ 33. Kg1
Rg7 34. Qc3 Bb7 35. b4 Qf5 36. Rf1 Qe4 37. Rf2 Rh7 38. Qc5 Qe1+ 39. Rf1 Qe3+
40. Kg2 Qe2+ 41. Rf2 Rxh2+ 42. Kxh2 Qxf2+ 43. Kh3 Qf1+ 44. Kg4 Qf5+ 45. Kh5
Qh3+ 46. Kxg5 Qxg3+ 47. Ng4 Qg2 48. Qe7 Qg1 49. Qe8+ Kg7 50. Qe7+ Kg8 51. Qxe6+
1-0 neèitelné

[Event "International chess holiday M11"]
[Site "?"]
[Date "2017.07.17"]
[Round "3"]
[White "Arndt, Stefan"]
[Black "Schafer, Sven"]
[Result "1/2-1/2"]
[ECO "B70"]
[WhiteElo "2226"]
[BlackElo "1996"]
[Annotator "Koller,Martin"]
[PlyCount "56"]
[TimeControl "240+2"]

{279MB} 1. e4 c5 2. Nf3 d6 3. d4 cxd4 4. Nxd4 Nf6 5. Nc3 g6 6. Be2 Bg7 7. O-O
O-O 8. Nb3 Be6 9. Bg5 Nc6 10. f4 Na5 11. f5 Bc4 12. fxg6 hxg6 13. Nxa5 Bxe2 14.
Qxe2 Qxa5 15. Bxf6 Bxf6 16. Nd5 Bd4+ 17. Kh1 e6 18. Rad1 Bxb2 19. Ne3 Be5 20.
Qg4 Kg7 21. Rf3 Qc7 22. Rdf1 Qe7 23. h4 Bd4 24. h5 Bxe3 25. Rxe3 Rh8 26. Rh3
Rh6 27. hxg6 Rxh3+ 28. gxh3 fxg6 1/2-1/2

[Event "International chess holiday M11"]
[Site "?"]
[Date "2017.07.17"]
[Round "3"]
[White "Vetrovsky, Michal"]
[Black "Chavannes, Ivar"]
[Result "1-0"]
[ECO "A45"]
[WhiteElo "2100"]
[BlackElo "2139"]
[Annotator "Koller,Martin"]
[PlyCount "69"]
[TimeControl "240+2"]

{279MB} 1. d4 Nf6 2. Bf4 c5 3. e3 Qb6 4. Nc3 cxd4 5. exd4 g6 6. Nf3 Bg7 7. Rb1
O-O 8. Be2 d6 9. O-O Bf5 10. h3 Nc6 11. a3 Rac8 12. d5 Na5 13. Be3 Qc7 14. Nd4
Bd7 15. Ndb5 Bxb5 16. Nxb5 Qxc2 17. Nxa7 Qxd1 18. Rfxd1 Rc2 19. Bd3 Rc7 20. Bb6
Nxd5 21. Bxa5 b6 22. Nb5 bxa5 23. Nxc7 Nxc7 24. Rdc1 Nd5 25. Be4 Nf4 26. Kf1
Bd4 27. Bb7 e5 28. Ba6 Ra8 29. Bc4 Rb8 30. b4 d5 31. Ba6 Rb6 32. Be2 a4 33. b5
Rf6 34. Rc6 Ne6 35. f3 1-0

[Event "International chess holiday M11"]
[Site "?"]
[Date "2017.07.17"]
[Round "3"]
[White "Lakovic, Igor"]
[Black "Stein, Robert"]
[Result "0-1"]
[ECO "E52"]
[WhiteElo "2023"]
[BlackElo "2203"]
[Annotator "Koller,Martin"]
[PlyCount "88"]
[TimeControl "240+2"]

{279MB} 1. d4 Nf6 2. c4 e6 3. Nc3 Bb4 4. e3 O-O 5. Bd3 d5 6. Nf3 b6 7. O-O Bb7
8. a3 Bxc3 9. bxc3 Nbd7 10. cxd5 exd5 11. a4 Re8 12. Bb2 c6 13. c4 Ne4 14. Qe2
Re6 15. cxd5 cxd5 16. Rfc1 Rh6 17. Rc2 Nf8 18. Rac1 Bc8 19. Rc6 Rxc6 20. Rxc6
Bd7 21. Rc1 Bxa4 22. Ba6 Nd6 23. Ba3 Rb8 24. Qa2 b5 25. Qxd5 Nc4 26. Qxd8 Rxd8
27. Bb4 Rb8 28. Nd2 Nxd2 29. Bxd2 b4 30. Ra1 Bc2 31. Bc1 Nd7 32. h3 Nb6 33. Bb5
Rb7 34. Bc6 Rc7 35. d5 Be4 36. Bd2 Bxd5 37. Bxd5 Nxd5 38. e4 Nc3 39. Ra6 h6 40.
f3 Rb7 41. Kf2 Nb1 42. Be3 b3 43. Bxa7 b2 44. Bd4 Nc3 0-1

[Event "International chess holiday K11"]
[Site "?"]
[Date "2017.07.17"]
[Round "3"]
[White "Vesely, Jaromir"]
[Black "Rull, Michael"]
[Result "1-0"]
[ECO "E72"]
[WhiteElo "2059"]
[BlackElo "1805"]
[Annotator "Koller,Martin"]
[PlyCount "138"]
[TimeControl "240+2"]

{279MB} 1. d4 Nf6 2. c4 g6 3. g3 Bg7 4. Bg2 O-O 5. e4 d6 6. Nc3 Nc6 7. Nge2 e5
8. d5 Nd4 9. Nxd4 exd4 10. Qxd4 Nxe4 11. Qd3 Nxc3 12. bxc3 Bf5 13. Qd2 Re8+ 14.
Kf1 Qe7 15. Bb2 Bh6 16. f4 Bg4 17. h3 Qe2+ 18. Qxe2 Bxe2+ 19. Kf2 Bxc4 20. Bf3
Re7 21. a4 Rae8 22. Bc1 Bg7 23. Ra3 Be2 24. Re1 Bxf3 25. Rxe7 Rxe7 26. Kxf3 f5
27. Be3 Re4 28. Bxa7 Rc4 29. Bd4 Bxd4 30. cxd4 Rxd4 31. Rc3 Rxa4 32. Rxc7 Ra3+
33. Kf2 Rd3 34. Rxb7 Rxd5 35. Rb8+ Kg7 36. Rb7+ Kh6 37. g4 fxg4 38. hxg4 Rd4
39. Ke3 Rd1 40. Kf3 Rd3+ 41. Ke4 Ra3 42. Rd7 Ra4+ 43. Kf3 Ra3+ 44. Kg2 Rd3 45.
Kf2 g5 46. f5 Rd4 47. Kf3 Rf4+ 48. Kg3 Rd4 49. Re7 d5 50. Rd7 Rd3+ 51. Kf2 Rd4
52. Kf3 Rf4+ 53. Kg3 Rd4 54. Re7 Rd3+ 55. Kf2 Rd4 56. Kf3 Rf4+ 57. Kg3 Rc4 58.
Re5 d4 59. Rd5 Kg7 60. Kf3 Rc3+ 61. Ke4 Rg3 62. Kxd4 Rxg4+ 63. Ke5 Rf4 64. Rd7+
Kh6 65. Ke6 g4 66. f6 g3 67. Rg7 Kh5 68. Rxg3 Ra4 69. f7 Ra6+ 1-0

[Event "International chess holiday K11"]
[Site "?"]
[Date "2017.07.17"]
[Round "3"]
[White "Hadzala, Daniel"]
[Black "Riedl, Maximilian"]
[Result "0-1"]
[ECO "C00"]
[WhiteElo "2107"]
[BlackElo "1988"]
[Annotator "Koller,Martin"]
[PlyCount "70"]
[TimeControl "240+2"]

{279MB} 1. Nf3 c5 2. g3 Nf6 3. Bg2 e6 4. O-O Be7 5. d3 d5 6. Nbd2 O-O 7. e4
dxe4 8. dxe4 Nc6 9. c3 Qc7 10. Qc2 e5 11. Re1 b6 12. Nc4 Ba6 13. Bf1 Bc8 14. a4
Bg4 15. Nfd2 Rad8 16. Ne3 Be6 17. Ndc4 Qc8 18. Bg2 Bh3 19. Nf5 Bxg2 20. Kxg2
Qe6 21. Nfe3 Rd7 22. f3 Rfd8 23. Qb3 Rd3 24. a5 Nd4 25. Qa2 Nxf3 26. Kxf3 Qg4+
27. Kg2 Qxe4+ 28. Kf2 b5 29. Ng2 Qf3+ 30. Kg1 Rd1 31. Nxe5 Qe2 32. Bf4 c4 33.
Nc6 Bc5+ 34. Kh1 Rxe1+ 35. Rxe1 Rd1 0-1

[Event "International chess holiday K11"]
[Site "?"]
[Date "2017.07.17"]
[Round "3"]
[White "Klima, Matej"]
[Black "Schafer, Martin"]
[Result "0-1"]
[ECO "B23"]
[WhiteElo "1874"]
[BlackElo "2001"]
[Annotator "Koller,Martin"]
[PlyCount "68"]
[TimeControl "240+2"]

{279MB} 1. e4 c5 2. Nc3 d6 3. a4 e6 4. Nge2 b6 5. g3 Bb7 6. Bg2 f5 7. d3 Nf6 8.
O-O Be7 9. e5 Bxg2 10. exf6 Bxf1 11. fxe7 Qxe7 12. Qxf1 Nc6 13. Bd2 O-O 14. Nd1
d5 15. f4 Rad8 16. Ne3 e5 17. fxe5 Qxe5 18. Qf3 Qxb2 19. Bc3 Nd4 20. Bxb2 Nxf3+
21. Kf2 Nxh2 22. Nf4 Ng4+ 23. Nxg4 fxg4 24. Kg2 Rde8 25. Rf1 d4 26. Rf2 Re1 27.
Nd5 Rxf2+ 28. Kxf2 Rb1 29. Ba3 Ra1 30. Bb2 Ra2 31. Bxd4 cxd4 32. Nxb6 Rxc2+ 33.
Kf1 Ra2 34. Kg1 h5 0-1